 Dungeon Sprint DCSS version 0.28.0-43-g3370ac3207 (webtiles) character file.

Game seed: 1872557436289191651

20843 boopmooplesden the Minotaur Blade (level 12, -13/125 HPs)
             Began as a Minotaur Berserker on Mar 11, 2022.
             Was the Champion of Trog.
             Mangled by a bone dragon (14 damage)
             ... in the Dungeon (Sprint II: "The Violet Keep of Menkaure").
             The game lasted 00:08:11 (2381 turns).

boopmooplesden the Minotaur Blade (MiBe)            Turns: 2381, Time: 00:08:11

Health: -13/125    AC: 25    Str: 22    XL:     12   Next: 48%
Magic:  11/11      EV: 11    Int:  0    God:    Trog [******]
Gold:   304        SH:  0    Dex: 13    Spells: 11/11 levels left

rFire   . . .      SeeInvis .   A - +10 great sword of Mourning {vorpal, *Slow rElec Will+}
rCold   . . .      Faith    .   (shield currently unavailable)
rNeg    . . .      Spirit   .   y - +3 plate armour {rPois}
rPois   +          Reflect  .   (helmet unavailable)
rElec   +          Harm     .   (no cloak)
rCorr   .          Rampage  +   E - +1 pair of gloves
Will    +....      NoTele   +   j - +0 pair of boots {rampage}
Stlth   ..........              (no amulet)
HPRegen 0.30/turn               B - ring of poison resistance
MPRegen 0.12/turn               (no ring)

@: on berserk cooldown, hasted and slowed, lost intelligence, unable to read
A: horns 3, retaliatory headbutt, talons 1, dopey 2, frail 1, weak 1
a: Renounce Religion, Berserk, Trog's Hand, Brothers in Arms


You were in the Dungeon.
You worshipped Trog.
Trog was exalted by your worship.
You visited 1 branch You collected 2039 gold pieces.
You spent 1735 gold pieces at shops.

Inventory:

Hand Weapons
 a - a +0 falchion
 i - the +6 falchion "Codgh" {chaos, rPois rCorr Str+2}
   (You bought it in a shop in the Dungeon)

   Each time it hits an enemy it has a different, random effect.
   Str:       It affects your strength (+2).
   rPois:     It protects you from poison.
   rCorr:     It protects you from acid and corrosion.
 r - the +11 quarterstaff of Departure {vorpal, rPois rC+}
   (Trog gifted it to you in the Dungeon)

   It inflicts extra damage upon your enemies.
   rC:        It protects you from cold.
   rPois:     It protects you from poison.
 s - a +6 antimagic great sword
 t - a +1 vorpal triple sword
 z - a +2 triple sword of flaming
 A - the +10 great sword of Mourning (weapon) {vorpal, *Slow rElec Will+}
   (Trog gifted it to you in the Dungeon)

   It inflicts extra damage upon your enemies.
   rElec:     It insulates you from electricity.
   *Slow:     It may slow you when you take damage.
   Will:      It increases your willpower.
Armour
 b - a +0 animal skin
 c - a +0 plate armour
 j - a +0 pair of boots of rampaging (worn)
 q - a +0 hat
 y - a +3 plate armour of poison resistance (worn)
 D - the +8 plate armour of Untold Secrets {Harm rElec rF- Stlth+}
   (You bought it in a shop in the Dungeon)

   rF:        It makes you vulnerable to fire.
   rElec:     It insulates you from electricity.
   Harm:      It increases damage dealt and taken.
   Stlth:     It makes you more stealthy.
 E - a +1 pair of gloves (worn)
Jewellery
 l - an amulet of magic regeneration
 m - an amulet of guardian spirit
 B - a ring of poison resistance (left hand)
Scrolls
 h - 3 scrolls of blinking
 k - 3 scrolls of vulnerability
 C - a scroll of fear {unknown}
Potions
 e - 2 potions of haste
 f - 5 potions of magic
 g - a potion of berserk rage
 n - 2 potions of ambrosia {unknown}
 o - 3 potions of curing
 p - 2 potions of degeneration {unknown}
 u - a potion of might {unknown}
 v - 3 potions of resistance
 w - 5 potions of flight
Miscellaneous
 x - a phial of floods


   Skills:
 + Level 22.3 Fighting
 + Level 23.6 Long Blades
 + Level 18.2 Armour
 + Level 9.1 Dodging
 + Level 1.9 Stealth
 + Level 2.4 Evocations


You had 11 spell levels left.
You didn't know any spells.
Your spell library was empty.

Dungeon Overview and Level Annotations

Branches:
Dungeon (1/1)

Altars:
Cheibriados
Dithmenos
Elyvilon
Fedhas
Gozag
Hepliaklqana
Kikubaaqudgha
Makhleb
Nemelex Xobeh
Okawaru
Qazlal
Ru
Sif Muna
Trog
Uskayaw
Vehumet
Wu Jian
Xom
Yredelemnul
Zin
The Shining One
Beogh
Jiyva
Lugonu

Shops:
D **:(?*([:((((?[**![[(*(!==!

Annotations:
D exclusion: oklob plant


Innate Abilities, Weirdness & Mutations

You have a pair of large horns on your head.
You reflexively headbutt those who attack you in melee.
You have sharp toenails.
You are very dopey. (Int -4)
You are frail. (-10% HP)
You are weak. (Str -2)


Message History

The frost giant is empowered by the deep elf high priest's aura!
The frost giant hits you but does no damage.
The bone dragon barely misses you. You furiously retaliate!
You headbutt the bone dragon. The bone dragon claws you.
The bone dragon tramples you but does no damage.
The bone dragon closely misses you. The bone dragon claws you.
* * * LOW HITPOINT WARNING * * *
The bone dragon tramples you but does no damage.
The frost giant barely misses you.
There is an open door here.
You cannot read scrolls in your current state!
You feel yourself speed up.
The bone dragon bites you but does no damage.
The bone dragon claws you.
* * * LOW HITPOINT WARNING * * *
The bone dragon tramples you.
* * * LOW HITPOINT WARNING * * *
You hold your ground!
The bone dragon bites you but does no damage.
The bone dragon claws you!
* * * LOW HITPOINT WARNING * * *
The bone dragon barely misses you.
The deep elf high priest starts to sing a prayer.
You slice the bone dragon like a ripe choko!!!
The bone dragon is moderately damaged.
You chop the bone dragon into pieces!!!
You headbutt the bone dragon, but do no damage.
The bone dragon is severely damaged.
The bone dragon bites you!
* * * LOW HITPOINT WARNING * * *
The bone dragon claws you!
* * * LOW HITPOINT WARNING * * *
The bone dragon tramples you but does no damage.
Unknown command.
Unknown command.
Unknown command.
You slice the bone dragon!!
The bone dragon is severely damaged.
The bone dragon bites you!
You die...

########### #....:÷'..#
#.....÷#..####
#'######'##@.####+####
#∩∩∩∩∩∩#.CD.##§§≈§≈≈≈##
#∩∩∩∩∩∩#)e###≈§○§§§≈≈≈##
#########..+≈≈≈°§≈≈≈≈§§#
#...####≈°≈≈≈≈≈§§
...eC....≈## ≈SS≈§
############≈≈#+++#+++##
###########≈≈≈...))....#
##....∩.∩.#≈≈≈≈)##'##..#


You could see a bone dragon, a frost giant (empowered) and a deep elf high
priest (brilliance aura).

Vanquished Creatures
  A golden dragon (D)
  A kraken (D)
  2 sphinxes (D)
  A storm dragon (D)
  Kirke (D)
  A cacodemon (D)
  A great orb of eyes (D)
  A yaktaur captain (D)
  A fire dragon (D)
  A centaur warrior (D)
  2 boulder beetles (D)
  A skeletal warrior (D)
  2 deep trolls (D)
  3 shining eyes (D)
  3 manticores (D)
  A merfolk siren (D)
  An elephant (D)
  A kobold demonologist (D)
  A yaktaur (D)
  3 polar bears (D)
  A hornet (D)
  12 flying skulls (D)
  5 wyverns (D)
  A vampire mosquito (D)
  Menkaure (D)
  3 water moccasins (D)
  A necrophage (D)
  4 scorpions (D)
  An iron imp (D)
  3 tentacles (D)
61 creatures vanquished.

Vanquished Creatures (others)
  A water moccasin (D)
  4 tentacles (D)
5 creatures vanquished.

Grand Total: 66 creatures vanquished

Notes
Turn   | Place    | Note
-------+----------+-------------------------------------------
     0 | D        | boopmooplesden the Minotaur Berserker began the quest for
                  | the Orb.
     0 | D        | Reached XP level 1. HP: 19/19 MP: 0/0
     1 | D        | Noticed a boulder beetle
     1 | D        | Noticed a boulder beetle
     4 | D        | Noticed a wyvern
     4 | D        | Noticed a wyvern
     7 | D        | Killed a wyvern
     8 | D        | Reached skill level 8 in Long Blades
     8 | D        | Reached XP level 2. HP: 36/36 MP: 1/1
     8 | D        | Reached XP level 3. HP: 41/41 MP: 2/2
     8 | D        | Reached XP level 4. HP: 49/49 MP: 3/3
     8 | D        | Reached XP level 5. HP: 56/56 MP: 4/4
     9 | D        | Killed a wyvern
    10 | D        | Reached skill level 10 in Fighting
    10 | D        | Reached skill level 10 in Long Blades
    10 | D        | Reached skill level 5 in Armour
    10 | D        | Reached XP level 6. HP: 66/66 MP: 5/5
    87 | D        | Noticed a merfolk siren
   102 | D        | Killed a merfolk siren
   102 | D        | Reached ** piety under Trog
   103 | D        | Reached skill level 12 in Long Blades
   103 | D        | Reached skill level 5 in Dodging
   103 | D        | Reached XP level 7. HP: 54/77 MP: 6/6
   228 | D        | Reached *** piety under Trog
   229 | D        | Reached skill level 13 in Long Blades
   499 | D        | Found Plog's Antique Armour Boutique.
   499 | D        | Found Qoagronaha's Distillery.
   499 | D        | Found Lawyhuymoo's General Store.
   499 | D        | Found Jujaonaj's Jewellery Shop.
   499 | D        | Found Dicet's General Store.
   500 | D        | Found Niymust's Distillery.
   500 | D        | Found Peapoigg's Distillery.
   500 | D        | Found Razoitea's Antique Weapon Shop.
   500 | D        | Found Nyigg's Magic Scroll Boutique.
   500 | D        | Found Teroref's Antique Weapon Shop.
   500 | D        | Found Qijolid's Antique Weapon Boutique.
   501 | D        | Found Dillyo's Jewellery Boutique.
   501 | D        | Found Ottevara's Book Shop.
   501 | D        | Found Lessiot's Antique Armour Boutique.
   501 | D        | Noticed Menkaure
   521 | D        | Killed Menkaure
   560 | D        | Noticed an ice dragon
   718 | D        | Noticed a vampire mosquito
   726 | D        | Killed a vampire mosquito
   726 | D        | Reached **** piety under Trog
   727 | D        | Reached XP level 8. HP: 86/86 MP: 7/7
   779 | D        | Noticed an oklob plant
   780 | D        | Found Coodaol's Book Shoppe.
   787 | D        | Bought a dazzling falchion for 152 gold pieces
   787 | D        | Identified the +6 falchion "Codgh" {chaos, rPois rCorr
                  | Str+2} (You bought it in a shop in the Dungeon)
   810 | D        | Bought a pair of embroidered boots for 180 gold pieces
   836 | D        | Found a glowing golden altar of the Shining One.
   836 | D        | Found an ornate altar of the Wu Jian Council.
   837 | D        | Found a shimmering altar of Xom.
   837 | D        | Found a sacrificial altar of Ru.
   838 | D        | Found a basalt altar of Yredelemnul.
   838 | D        | Found a shimmering blue altar of Sif Muna.
   839 | D        | Found a glowing silver altar of Zin.
   839 | D        | Found a bloodstained altar of Trog.
   839 | D        | Found an ancient bone altar of Kikubaaqudgha.
   839 | D        | Found a stormy altar of Qazlal.
   839 | D        | Found a viscous altar of Jiyva.
   840 | D        | Found a hide-covered altar of Uskayaw.
   840 | D        | Found a corrupted altar of Lugonu.
   840 | D        | Found a shadowy altar of Dithmenos.
   841 | D        | Found a radiant altar of Vehumet.
   841 | D        | Found a burning altar of Makhleb.
   841 | D        | Found a white marble altar of Elyvilon.
   842 | D        | Found a sparkling altar of Nemelex Xobeh.
   842 | D        | Found a blossoming altar of Fedhas.
   844 | D        | Found an iron altar of Okawaru.
   844 | D        | Found an opulent altar of Gozag.
   845 | D        | Noticed a yaktaur
   845 | D        | Noticed a hornet
   845 | D        | Noticed a polar bear
   845 | D        | Noticed a polar bear
   849 | D        | Killed a polar bear
   850 | D        | Reached skill level 14 in Long Blades
   852 | D        | Killed a polar bear
   853 | D        | Noticed a polar bear
   856 | D        | Killed a hornet
   857 | D        | Reached skill level 15 in Long Blades
   860 | D        | Killed a yaktaur
   861 | D        | Reached skill level 15 in Fighting
   861 | D        | Reached XP level 9. HP: 97/97 MP: 8/8
   864 | D        | Killed a polar bear
   865 | D        | Reached skill level 16 in Long Blades
   906 | D        | Found the +13 scythe of Curses {drain, Drain}
   910 | D        | Noticed a kraken
   921 | D        | Reached ***** piety under Trog
   933 | D        | Found a snail-covered altar of Cheibriados.
  1009 | D        | Noticed a deep troll
  1011 | D        | Noticed a deep troll
  1015 | D        | Killed a deep troll
  1016 | D        | Reached skill level 17 in Long Blades
  1020 | D        | Killed a deep troll
  1021 | D        | Reached skill level 1 in Stealth
  1049 | D        | Found a hazy altar of Hepliaklqana.
  1267 | D        | Killed a kraken
  1268 | D        | Reached skill level 18 in Long Blades
  1268 | D        | Reached skill level 10 in Armour
  1268 | D        | Reached XP level 10. HP: 103/112 MP: 9/9
  1438 | D        | Received a gift from Trog
  1455 | D        | Reached skill level 19 in Long Blades
  1481 | D        | Identified the +11 quarterstaff of Departure {vorpal, rPois
                  | rC+} (Trog gifted it to you in the Dungeon)
  1481 | D        | Received a gift from Trog
  1614 | D        | Noticed a sphinx
  1614 | D        | Noticed a sphinx
  1614 | D        | Paralysed by a sphinx for 5 turns
  1626 | D        | Killed a sphinx
  1628 | D        | Killed a sphinx
  1628 | D        | Reached ****** piety under Trog
  1628 | D        | Received a gift from Trog
  1629 | D        | Reached skill level 20 in Long Blades
  1629 | D        | Reached XP level 11. HP: 124/124 MP: 3/10
  1736 | D        | Bought a runed plate armour for 624 gold pieces
  1775 | D        | Killed a boulder beetle
  1778 | D        | Killed a boulder beetle
  1878 | D        | Noticed Kirke
  1878 | D        | Noticed a yaktaur captain
  1878 | D        | Noticed a skeletal warrior
  1890 | D        | Killed Kirke
  1891 | D        | Reached skill level 15 in Armour
  1891 | D        | Reached skill level 1 in Evocations
  1895 | D        | Killed a skeletal warrior
  1895 | D        | Noticed a centaur warrior
  1898 | D        | Killed a yaktaur captain
  1898 | D        | Received a gift from Trog
  1899 | D        | Noticed a shining eye
  1903 | D        | Reached skill level 21 in Long Blades
  1905 | D        | Killed a centaur warrior
  1905 | D        | Gained mutation: You have sharp toenails. [a shining eye]
  1913 | D        | Gained mutation: You are dopey. (Int -2) [a shining eye]
  1914 | D        | Killed a shining eye
  1916 | D        | Noticed a shining eye
  1917 | D        | Gained mutation: You have a pair of large horns on your
                  | head. [a shining eye]
  1924 | D        | Lost intelligence.
  1924 | D        | Gained mutation: You are very dopey. (Int -4) [a shining
                  | eye]
  1930 | D        | Noticed a shining eye
  1933 | D        | Gained mutation: You are frail. (-10% HP) [a shining eye]
  1934 | D        | Killed a shining eye
  1935 | D        | Gained mutation: You are weak. (Str -2) [a shining eye]
  1937 | D        | Killed a shining eye
  1993 | D        | Identified the +10 great sword of Mourning {vorpal, *Slow
                  | rElec Will+} (Trog gifted it to you in the Dungeon)
  1993 | D        | Received a gift from Trog
  2083 | D        | Noticed a great orb of eyes
  2083 | D        | Noticed a fire dragon
  2089 | D        | Killed a fire dragon
  2090 | D        | Reached skill level 22 in Long Blades
  2090 | D        | Reached XP level 12. HP: 122/122 MP: 11/11
  2096 | D        | Killed a great orb of eyes
  2235 | D        | Found Nyhuopt's Assorted Antiques.
  2235 | D        | Found Wasuowoj's Assorted Antiques.
  2236 | D        | Found Kuilook's Antique Weapon Shop.
  2236 | D        | Found Saro's Assorted Antiques.
  2236 | D        | Found Gaozxann's Antique Weapon Boutique.
  2236 | D        | Found Ahyt's Armour Emporium.
  2236 | D        | Found Miemikhe's Antique Armour Shop.
  2236 | D        | Found Farui's Magic Scroll Shoppe.
  2236 | D        | Found Heup's Antique Weapon Boutique.
  2236 | D        | Found Myleck's Weapon Emporium.
  2236 | D        | Found Qoany's General Store.
  2236 | D        | Found Usirgheyv's Antique Weapon Shoppe.
  2240 | D        | Bought a brightly glowing plate armour for 644 gold pieces
  2240 | D        | Identified the +8 plate armour of Untold Secrets {Harm
                  | rElec rF- Stlth+} (You bought it in a shop in the Dungeon)
  2246 | D        | Bought a pair of embroidered gloves for 135 gold pieces
  2353 | D        | Noticed a storm dragon
  2353 | D        | Noticed a golden dragon
  2353 | D        | Noticed a cacodemon
  2353 | D        | Noticed a deep elf high priest
  2354 | D        | Noticed a bone dragon
  2360 | D        | Killed a cacodemon
  2360 | D        | Received a gift from Trog
  2363 | D        | Noticed a frost giant
  2365 | D        | Killed a golden dragon
  2366 | D        | Reached skill level 23 in Long Blades
  2371 | D        | Killed a storm dragon
  2380 | D        | HP: 1/125 [bone dragon (12)]
  2381 | D        | Mangled by a bone dragon

Illustrated notes

Levels and vault maps discovered:
D:        the_violet_keep_of_menkaure [sprint2_stairs_cluster_1,
          sprint2_shoproom, sprint2_temple, sprint2_basic_supplies,
          sprint2_obstacle_7, sprint2_obstacle_1, sprint2_obstacle_5,
          sprint2_obstacle_6, sprint2_obstacle_2, sprint2_timed_cluster_1,
          sprint2_smallroom_cluster_1, sprint2_smallroom_final_cluster_1,
          sprint2_transparent_cluster_1, sprint2_second_timed_cluster_1,
          sprint2_sniper_area_1, sprint2_heavy_combat_area_1,
          sprint2_mutation_trap_area_1, sprint2_forest_area_1,
          sprint2_light_combat_area_1, sprint2_behind_water_1,
          sprint2_near_end_vault_1]

Skill      XL: |  1  2  3  4  5  6  7  8  9 10 11 12 |
---------------+-------------------------------------+-----
Fighting       | 8 10 12 13 15 18 19 21 22 | 22.3
Long Blades    | 8 10 12 13 15 18 20 22 23 | 23.6
Armour         | 4 5 6 7 10 13 17 18 | 18.2
Dodging        | 4 5 6 7 8 9 |  9.1
Stealth        | 1 |  1.9
Evocations     | 2 |  2.4

Action                   |  1- 3 |  4- 6 |  7- 9 | 10-12 || total
-------------------------+-------+-------+-------+-------++-------
Melee: Falchion          |     2 |    15 |    93 |    48 ||   158
       Headbutt          |     1 |     2 |    12 |    26 ||    41
       Punch             |       |       |     3 |       ||     3
       Great sword       |       |       |       |    42 ||    42
       Triple sword      |       |       |       |    50 ||    50
Invok: Berserk           |     1 |       |     4 |     5 ||    10
Evoke: Phial of floods   |       |       |       |     1 ||     1
  Use: Potion            |       |       |     1 |     3 ||     4
       Scroll            |       |       |     4 |       ||     4
Armor: Animal skin       |       |       |     1 |       ||     1
       Plate armour      |       |       |    30 |    93 ||   123
Dodge: Dodged            |     1 |     1 |    39 |    69 ||   110
